 Dungeon Crawl Stone Soup version 0.26-a0-812-g31a745ddcd (webtiles) character file.

Game seed: 8714181357726670563

16 tilp the Covert (level 2, 0/29 HPs)
             Began as a Gnoll Delver on Dec 2, 2020.
             Slain by a bullfrog zombie (6 damage)
             ... on level 5 of the Dungeon.
             The game lasted 00:02:46 (482 turns).

tilp the Covert (Gnoll Delver)                       Turns: 482, Time: 00:02:46

Health: 0/29       AC:  3    Str: 14    XL:     2   Next: 54%
Magic:  2/2        EV: 14    Int: 12    God:
Gold:   27         SH:  0    Dex: 16    Spells: 1/1 levels left

rFire    . . .     SeeInvis .   a - +0 mace
rCold    . . .     Faith    .   (no shield)
rNeg     . . .     Spirit   .   b - +0 leather armour
rPois    .         Reflect  .   (no helmet)
rElec    .         Harm     .   (no cloak)
rCorr    .         Rampage  .   (no gloves)
MR       .....                  (no boots)
Stlth    ++++......             (no amulet)
HPRegen  0.09/turn              (no ring)
MPRegen  0.08/turn              (no ring)

@: no status effects
A: distributed training, fangs 1, strong nose
a: no special abilities


You were on level 5 of the Dungeon.
You visited 1 branch of the dungeon, and saw 2 of its levels.

You collected 27 gold pieces.

Inventory:

Hand Weapons
 a - a +0 mace (weapon)
 d - a +0 rapier
Armour
 b - a +0 leather armour (worn)
Wands
 g - a wand of digging (3)
Scrolls
 c - a scroll of fog
 e - a scroll of fear
Potions
 f - a potion of haste


   Skills:
 + Level 6.5 Fighting
 + Level 0.4 Short Blades
 + Level 0.4 Long Blades
 + Level 0.4 Axes
 + Level 4.5 Maces & Flails
 + Level 0.4 Polearms
 + Level 0.4 Staves
 + Level 0.4 Slings
 + Level 0.4 Bows
 + Level 0.4 Crossbows
 + Level 0.4 Throwing
 + Level 0.4 Armour
 + Level 4.5 Dodging
 + Level 9.5 Stealth
 + Level 0.4 Shields
 + Level 0.4 Unarmed Combat
 + Level 0.4 Spellcasting
 + Level 0.2 Conjurations
 + Level 0.2 Hexes
 + Level 0.2 Summonings
 + Level 0.2 Necromancy
 + Level 0.2 Translocations
 + Level 0.2 Transmutations
 + Level 0.2 Fire Magic
 + Level 0.2 Ice Magic
 + Level 0.2 Air Magic
 + Level 0.2 Earth Magic
 + Level 0.2 Poison Magic
 + Level 0.5 Invocations
 + Level 0.4 Evocations


You had one spell level left.
You didn't know any spells.
Your spell library was empty.

Dungeon Overview and Level Annotations

Branches:
Dungeon (5/15)
 Temple: D:4-7

Altars:

Annotations:
D:4 exclusion: iguana
D:5 exclusions: howler monkey and ogre


Innate Abilities, Weirdness & Mutations

Your experience applies equally to all skills.
You have very sharp teeth.
Your uncanny sense of smell can sniff out nearby items.


Message History

You barely miss the bullfrog zombie. The bullfrog zombie misses you.
The bullfrog zombie hits you.
You thump the bullfrog zombie!
The bullfrog zombie is moderately damaged.
The bullfrog zombie hits you.
You sock the bullfrog zombie! You bite the bullfrog zombie.
The bullfrog zombie is heavily damaged.
The bullfrog zombie hits you. The bullfrog zombie closely misses you.
You hit the bullfrog zombie.
The bullfrog zombie is heavily damaged.
The bullfrog zombie misses you.
You closely miss the bullfrog zombie.
The bullfrog zombie is heavily damaged.
The bullfrog zombie hits you!
* * * LOW HITPOINT WARNING * * *
The bullfrog zombie barely misses you.
You sock the bullfrog zombie! Your bite misses the bullfrog zombie.
The bullfrog zombie is severely damaged.
The bullfrog zombie hits you.
You die...

,,**,*,***,***********,**********
,,,*,*,*,,,,,,,,,,,,,,,,,,,,,,,,,
,,,,,*,*,,,***********,*********,
,,,,,,,>.,,*,,,,,,,,,*,* *,
,,,,**,,...*,#######,*,* *,
,,,,**,,,#.#+#.....#,*,* *,
,,,,**,,,#......##.#,*,* *,
,,,,**,,,#......##.#,*,* *,
,,,,,,,,,#.....†@#.#,*,* *,
,,,,,,,,*#.....Z##.#,*,* *,
,,,,,,,,...#+#.....#,*,* *,
....,,,..........###,*,* *,
....,,,..........# *,*,* *,
...#***..........#**,*,* *,
...###*h.........+**,*,* *,
.....#*..........###,*,* *,
#.##.#*.#.##.......#,*,*********,


You could see a bullfrog zombie.

Vanquished Creatures
  A river rat (D:5)
  An adder zombie (D:5)
  4 rats
6 creatures vanquished.

Notes
Turn   | Place    | Note
-------+----------+-------------------------------------------
     0 | D:5      | Reached skill level 9 in Stealth
     0 | D:5      | tilp the Gnoll Delver began the quest for the Orb.
     0 | D:5      | Reached XP level 1. HP: 23/23 MP: 1/1
     2 | D:5      | Noticed an ogre
   106 | D:5      | Noticed a howler monkey
   178 | D:4      | Noticed an iguana
   419 | D:5      | Reached XP level 2. HP: 25/29 MP: 2/2
   482 | D:5      | Slain by a bullfrog zombie

Illustrated notes

Levels and vault maps discovered:
D:4:      layout_rooms, lemuel_round_altar, portal_sewer_entry_f,
          grunt_decor_mini_mirrors, dk_rats_in_the_wall
D:5:      layout_basic, grunt_temple_overflow_diamond, enter_ossuary_2

Skill      XL: | |
---------------+-+-----
Stealth        | |  9.5
Fighting       | |  6.5
Short Blades   | |  0.4
Long Blades    | |  0.4
Axes           | |  0.4
Maces & Flails | |  4.5
Polearms       | |  0.4
Staves         | |  0.4
Slings         | |  0.4
Bows           | |  0.4
Crossbows      | |  0.4
Throwing       | |  0.4
Armour         | |  0.4
Dodging        | |  4.5
Shields        | |  0.4
Unarmed Combat | |  0.4
Spellcasting   | |  0.4
Conjurations   | |  0.2
Hexes          | |  0.2
Summonings     | |  0.2
Necromancy     | |  0.2
Translocations | |  0.2
Transmutations | |  0.2
Fire Magic     | |  0.2
Ice Magic      | |  0.2
Air Magic      | |  0.2
Earth Magic    | |  0.2
Poison Magic   | |  0.2
Invocations    | |  0.5
Evocations     | |  0.4

Action                   || total
-------------------------++-------
Melee: Mace              ||    24
       Bite              ||     4
  Use: Scroll            ||     1
 Stab: Sleeping          ||     1
Armor: Leather armour    ||     4
Dodge: Dodged            ||    14

Table legend: (Time is in decaauts)
 A = Elapsed time spent in this place.
 B = Non-inter-level travel time spent in this place.
 C = Inter-level travel time spent in this place.
 D = Time resting spent in this place.
 E = Time spent auto-exploring this place.
 F = Levels seen in this place.
 G = Mean time per level.
                   A        B        C        D        E       F      G
               +--------+--------+--------+--------+--------+-----+--------+
         Total |    486 |    459 |     27 |    251 |      0 |   2 |  243.0 |
       Dungeon |    486 |    459 |     27 |    251 |      0 |   2 |  243.0 |
               +--------+--------+--------+--------+--------+-----+--------+

Top non-repeatable levels by time:
     D:4: 249 daAuts
     D:5: 237 daAuts
